 Dungeon Crawl Stone Soup version 0.21-a0-125-gb006224 (webtiles) character file.

13240 Gorglomux the Grappler (level 12, -5/110 HPs)
             Began as a Hill Orc Transmuter on July 15, 2017.
             Was a Believer of Cheibriados.
             Killed from afar by a deep elf mage (37 damage)
             ... with a bolt of lightning
             ... on level 10 of the Dungeon.
             The game lasted 00:23:49 (14113 turns).

Gorglomux the Grappler (Hill Orc Transmuter)       Turns: 14113, Time: 00:23:50

Health: -5/110     AC:  2    Str: 20    XL:     12   Next: 3%
Magic:  18/18      EV: 19    Int: 21    God:    Cheibriados [**....]
Gold:   630        SH:  0    Dex: 21    Spells: 13/19 levels left

rFire    . . .     SeeInvis +     - Unarmed
rCold    . . .     Gourm    .   (shield currently unavailable)
rNeg     . . .     Faith    .   (armour currently unavailable)
rPois    x         Spirit   .   (helmet currently unavailable)
rElec    .         Reflect  .   (cloak currently unavailable)
rCorr    .         Harm     .   (gloves currently unavailable)
MR       .....                  (boots currently unavailable)
Stlth    ++........             H - amulet of magic regeneration
HPRegen  0.28/turn              T - ring of wizardry
MPRegen  0.41/turn              s - ring of see invisible

@: spider-form, drained, very slow
A: no striking features
a: End Transformation, Bend Time, Renounce Religion


You were on level 10 of the Dungeon.
You worshipped Cheibriados.
Cheibriados was pleased with you.
You were very hungry.
You were a venomous arachnid creature.
You visited 2 branches of the dungeon, and saw 11 of its levels.

You collected 656 gold pieces.
You spent 26 gold pieces at shops.

Inventory:

Hand Weapons
 a - a +2 short sword of venom
Missiles
 x - 124 arrows
 Z - 3 throwing nets (quivered)
Armour
 h - the +3 hat of Pondering (melded) {ponderous, MR+ MP+10 Int+5}
   (You took it off Gastronok on level 10 of the Dungeon)

   It affects your intelligence (+5).
   It affects your resistance to hostile enchantments.
   It affects your magic capacity (+10).
 j - a +2 helmet
 q - a +0 pair of boots (melded)
 t - a +0 buckler (melded)
 v - a +0 scale mail (melded)
 K - a +0 chain mail
Jewellery
 s - a ring of see invisible (right front leg)
 H - an amulet of magic regeneration (around neck)
 T - a ring of wizardry (left front leg)
 Y - an uncursed ring of positive energy
Wands
 m - a wand of disintegration (15/24)
 N - a wand of polymorph (2/24)
 P - a wand of paralysis (11/24)
 R - a wand of paralysis (9/24)
 S - a wand of flame (7/48)
Scrolls
 i - 6 scrolls of remove curse
 r - 4 scrolls of immolation
 y - a scroll of fear {unknown}
 A - a scroll of enchant armour {unknown}
 B - a scroll of blinking
 G - 2 scrolls of vulnerability {unknown}
 M - 3 scrolls of magic mapping
 U - a scroll of random uselessness {unknown}
 V - a scroll of amnesia {unknown}
 W - a scroll of enchant weapon {unknown}
Potions
 e - 2 potions of ambrosia
 f - a potion of might
 g - a potion of magic {unknown}
 l - 2 potions of cancellation {unknown}
 n - a potion of haste {unknown}
 o - a potion of heal wounds
 p - a potion of flight {unknown}
 u - 2 potions of resistance {unknown}
 D - a potion of mutation {unknown}
 E - a potion of brilliance {unknown}
 O - a potion of degeneration {unknown}
 Q - 4 potions of curing
 X - a potion of agility
Books
 c - a book of Changes

   Spells                             Type                      Level
   a - Beastly Appendage              Transmutation                1
   b - Sticks to Snakes               Transmutation                2
   c - Spider Form                    Transmutation/Poison         3
   d - Ice Form                       Ice/Transmutation            4
   e - Blade Hands                    Transmutation                5
 C - a book of Callings

   Spells                             Type                      Level
   a - Summon Small Mammal            Summoning                    1
   b - Call Imp                       Summoning                    2
   c - Call Canine Familiar           Summoning                    3
   d - Summon Guardian Golem          Hexes/Summoning              3
   e - Summon Lightning Spire         Summoning/Air                4
   f - Summon Ice Beast               Ice/Summoning                4
 F - a book of Power

   Spells                             Type                      Level
   a - Iskenderun's Battlesphere      Conjuration/Charms           5
   b - Venom Bolt                     Conjuration/Poison           5
   c - Bolt of Magma                  Conjuration/Fire/Earth       5
   d - Iron Shot                      Conjuration/Earth            6
   e - Orb of Destruction             Conjuration                  7
   f - Spellforged Servitor           Conjuration/Summoning        7
 J - a book of Conjurations

   Spells                             Type                      Level
   a - Magic Dart                     Conjuration                  1
   b - Searing Ray                    Conjuration                  2
   c - Dazzling Spray                 Conjuration/Hexes            3
   d - Fulminant Prism                Conjuration/Hexes            4
   e - Force Lance                    Conjuration/Translocation    4
   f - Iskenderun's Mystic Blast      Conjuration                  4
Comestibles
 d - 13 bread rations
 k - 4 royal jellies
 z - 4 meat rations


   Skills:
 - Level 11.0 Fighting
 - Level 6.5(6.4) Armour
 - Level 1.5(1.4) Dodging
 - Level 4.6(4.5) Shields
 - Level 12.6(12.5) Unarmed Combat
 - Level 4.1(4.0) Spellcasting
 + Level 4.6(4.5) Transmutations
 - Level 1.1 Poison Magic
 - Level 5.0(4.9) Evocations


You had 13 spell levels left.
You knew the following spells:

 Your Spells              Type           Power        Failure   Level  Hunger
a - Beastly Appendage     Tmut           ###...       3%          1    None
b - Sticks to Snakes      Tmut           ###.....     4%          2    #......
c - Spider Form           Tmut/Pois      ###.......   11%         3    ###....


Dungeon Overview and Level Annotations

Branches:
Dungeon (10/15)            Temple (1/1) D:6            Lair (0/6) D:8
    Orc: D:9-12

Altars:
Ashenzari
Cheibriados
Dithmenos
Elyvilon
Fedhas
Gozag
Hepliaklqana
Kikubaaqudgha
Makhleb
Nemelex Xobeh
Okawaru
Qazlal
Ru
Sif Muna
Trog
Uskayaw
Vehumet
Wu Jian
Xom
Yredelemnul
Zin
The Shining One

Shops:
D:6 *


Message History

You close the door.
Casting: Spider Form
Confirm with . or Enter, or press ? or * to list all spells.
You turn into a venomous arachnid creature.
The +3 hat of Pondering {ponderous, MR+ MP+10 Int+5} melds into your body.
Your +0 pair of boots melds into your body.
Your +0 buckler melds into your body.
Your +0 scale mail melds into your body.
That put a bit of spring back into your step.
You are feeling very hungry.
Something unseen opens the door.
The deep elf mage points at you and mumbles some strange words.
The bolt of lightning hits you!
* * * LOW HITPOINT WARNING * * *
There is an open door here.
You hit the deep elf mage.
The deep elf mage is poisoned.
The deep elf mage is lightly wounded.
The deep elf mage points at you and mumbles some strange words.
The bolt of lightning hits you!
You die...

.................................
.................................
.....<...........................
.................................
.................................
.................................
.................................
.................e.>.............
########....####s######'#########
##'###...................
#......#...#...............
#......#...#......#.....###
#......#...#......#.....#
#......#...#......#.....#
#......#...#......#.....####
#...####................e... ###
#... ######'#######.....)...


You could see a deep elf mage.

Vanquished Creatures
  Gastronok (D:10)
  Erica (D:10)
  A two-headed ogre (D:10)
  2 unseen horrors
  A deep elf mage (D:9)
  A centaur skeleton (D:10)
  3 trolls
  4 hippogriffs (D:9)
  Sigmund (D:3)
  10 yaks
  4 hungry ghosts
  A human (D:7)
  4 hogs (D:7)
  4 orc warriors
  2 ice beasts
  A sky beast (D:9)
  3 wolves (D:8)
  6 ogres
  A necrophage (D:7)
  2 centaurs
  A big kobold (D:5)
  4 bullfrogs
  2 scorpions (D:9)
  10 killer bees
  3 electric eels (D:8)
  5 wights (D:10)
  A howler monkey (D:6)
  4 crimson imps
  A lava snake (D:9)
  A bullfrog zombie (D:8)
  7 hounds
  4 jellies
  2 bullfrog skeletons
  6 orc priests
  An iguana (D:7)
  10 orc wizards
  2 worker ants
  A hound zombie (D:7)
  A hound skeleton (D:10)
  A howler monkey zombie (D:7)
  A worker ant zombie (D:9)
  A howler monkey skeleton (D:7)
  8 adders
  2 shadow imps
  An ooze (D:2)
  An adder zombie (D:9)
  2 worms
  5 dart slugs
  7 leopard geckos
  26 orcs
  2 ball pythons (D:2)
  2 giant cockroaches
  10 goblins
  10 hobgoblins
  3 jackals (D:6)
  2 quokkas (D:8)
  7 bats
  6 frilled lizards
  13 kobolds
  9 rats
  A bush (D:5)
  2 plants (D:5)
241 creatures vanquished.

Vanquished Creatures (collateral kills)
  A death yak (D:10)
1 creature vanquished.

Vanquished Creatures (others)
  An iguana (D:6)
  4 jackals (D:6)
  A quokka (D:8)
6 creatures vanquished.

Grand Total: 248 creatures vanquished

Notes
Turn   | Place    | Note
-------+----------+-------------------------------------------
     0 | D:1      | Gorglomux the Hill Orc Transmuter began the quest for the Orb.
     0 | D:1      | Reached XP level 1. HP: 16/16 MP: 3/3
   228 | D:1      | Reached XP level 2. HP: 24/24 MP: 2/4
   514 | D:1      | Reached skill level 4 in Unarmed Combat
   519 | D:1      | Reached XP level 3. HP: 25/29 MP: 5/5
  1173 | D:2      | Reached skill level 1 in Shields
  1173 | D:2      | Reached XP level 4. HP: 22/37 MP: 6/6
  1428 | D:2      | Found a hazy altar of Hepliaklqana.
  1494 | D:3      | Reached skill level 3 in Fighting
  1880 | D:3      | Reached XP level 5. HP: 41/45 MP: 7/7
  2173 | D:3      | Found an opulent altar of Gozag.
  2342 | D:3      | Noticed Sigmund
  2364 | D:3      | Killed Sigmund
  2364 | D:3      | Reached skill level 3 in Shields
  2364 | D:3      | Reached skill level 5 in Unarmed Combat
  2364 | D:3      | Reached XP level 6. HP: 42/53 MP: 8/8
  3040 | D:4      | HP: 2/55 [acid (8)]
  3570 | D:4      | Reached XP level 7. HP: 56/61 MP: 9/9
  3815 | D:4      | Found an ornate altar of the Wu Jian Council.
  3863 | D:5      | Entered Level 5 of the Dungeon
  3864 | D:5      | Found a glowing silver altar of Zin.
  4099 | D:5      | Found a sacrificial altar of Ru.
  4295 | D:6      | Reached skill level 6 in Unarmed Combat
  4312 | D:6      | Found Esoolu's General Store.
  4355 | D:6      | Bought a scroll of identify for 26 gold pieces
  4697 | D:6      | Reached skill level 6 in Fighting
  4924 | D:6      | Found a staircase to the Ecumenical Temple.
  5039 | Temple   | Entered the Ecumenical Temple
  5312 | D:6      | Reached skill level 1 in Armour
  5312 | D:6      | Reached XP level 8. HP: 68/70 MP: 10/10
  5525 | D:6      | Reached skill level 7 in Unarmed Combat
  5968 | D:7      | Reached skill level 3 in Armour
  6150 | D:7      | Found a shattered altar of Ashenzari.
  6622 | D:7      | Reached skill level 1 in Evocations
  7315 | D:7      | Reached XP level 9. HP: 72/80 MP: 11/11
  7516 | D:7      | Reached skill level 8 in Unarmed Combat
  7523 | D:7      | Reached skill level 3 in Evocations
  8134 | D:8      | Noticed a troll
  8156 | D:8      | Killed a troll
  8338 | D:8      | Reached skill level 9 in Fighting
  8393 | D:8      | Found a staircase to the Lair.
  8625 | D:8      | Reached skill level 9 in Unarmed Combat
  8693 | D:7      | Reached XP level 10. HP: 58/91 MP: 13/13
  8831 | D:8      | Reached skill level 6 in Armour
  8910 | D:8      | Found a white marble altar of Elyvilon.
  9352 | D:8      | Found a snail-covered altar of Cheibriados.
  9436 | D:8      | Became a worshipper of Cheibriados the Contemplative
 10065 | D:9      | Learned a level 2 spell: Sticks to Snakes
 10179 | D:9      | Reached skill level 10 in Unarmed Combat
 10465 | D:9      | Found a stormy altar of Qazlal.
 10470 | D:9      | Found a radiant altar of Vehumet.
 10473 | D:9      | Found an ancient bone altar of Kikubaaqudgha.
 10495 | D:9      | Reached * piety under Cheibriados
 11004 | D:9      | Killed an unseen horror
 11004 | D:9      | Reached skill level 11 in Unarmed Combat
 11004 | D:9      | Reached XP level 11. HP: 94/102 MP: 14/14
 11016 | D:9      | Learned a level 3 spell: Spider Form
 11099 | D:9      | Noticed a deep elf mage
 11112 | D:9      | Killed a deep elf mage
 11112 | D:9      | Reached skill level 1 in Poison Magic
 11569 | D:10     | Entered Level 10 of the Dungeon
 11804 | D:10     | Reached skill level 12 in Unarmed Combat
 12088 | D:10     | Reached ** piety under Cheibriados
 12109 | D:10     | Noticed a five-headed hydra
 12127 | D:10     | Noticed a death yak
 12127 | D:10     | a five-headed hydra changed into a death yak
 12223 | D:10     | HP: 4/102 [death yak (21)]
 12232 | D:10     | Killed a death yak
 12616 | D:10     | Killed an unseen horror
 12792 | D:10     | Noticed Gastronok
 12809 | D:10     | Killed Gastronok
 12809 | D:10     | Reached skill level 3 in Spellcasting
 12809 | D:10     | Reached skill level 3 in Transmutations
 13172 | D:10     | Noticed Erica
 13190 | D:10     | Killed Erica
 13991 | D:10     | Noticed a two-headed ogre
 14001 | D:10     | Killed a two-headed ogre
 14001 | D:10     | Reached XP level 12. HP: 12/110 MP: 18/18
 14113 | D:10     | Killed from afar by a deep elf mage

Vault maps used:
D:1:      dpeg_arrival_ternary, minmay_close_crescents
D:2:      lemuel_round_altar
D:3:      nicolae_gozag_cash_rules_everything_around_me, first_bread,
          uniq_sigmund
D:4:      nicolae_overflow_hidden_temple
D:5:      lemuel_round_altar, kennysheep_mini_moat,
          corexii_item_surrounded_by_moat, lexackson_kobold_supper
D:6:      lemuel_temple_firewalk_b, serial_shops, nicolae_shop_behind_doors
D:7:      grunt_livestock, cheibrodos_ashenzari_chains
D:8:      elyvilon_altar_4, lemuel_coloured_pillars_altar, erik_lair_island
D:9:      grunt_temple_overflow_diamond
D:10:     uniq_gastronok, uniq_erica, uniq_sonja
Temple:   nicolae_temple_x_marks_the_god

Skill      XL: |  1  2  3  4  5  6  7  8  9 10 11 |
---------------+----------------------------------+-----
Fighting       | 2 3 4 5 6 7 9 11 | 11.0
Unarmed Combat | 4 5 6 7 9 11 12 | 12.6
Shields        | 1 2 3 4 |  4.6
Armour         | 1 4 5 6 |  6.5
Evocations     | 2 4 5 |  5.0
Spellcasting   | 2 4 |  4.1
Transmutations | 2 4 |  4.6
Poison Magic   | 1 |  1.1
Dodging        | |  1.5

Action                   |  1- 3 |  4- 6 |  7- 9 | 10-12 || total
-------------------------+-------+-------+-------+-------++-------
Melee: Unarmed           |   126 |    76 |   256 |   439 ||   897
       Headbutt          |     1 |       |       |       ||     1
       Kick              |     9 |       |       |       ||     9
       Punch             |     2 |       |       |       ||     2
       Short sword       |       |   105 |   224 |    51 ||   380
Throw: Throwing net      |       |       |     1 |       ||     1
 Cast: Beastly Appendage |    16 |       |       |       ||    16
       Spider Form       |       |       |       |    11 ||    11
       Sticks to Snakes  |       |       |       |     6 ||     6
 Abil: End Transformatio |       |       |       |     1 ||     1
Evoke: Wand              |       |       |    13 |    20 ||    33
       Box of beasts     |       |       |       |     1 ||     1
  Use: Potion            |       |     1 |       |     7 ||     8
       Scroll            |       |       |     9 |     3 ||    12
 Stab: Sleeping          |     1 |       |       |       ||     1
       Held in net/web   |       |       |     1 |       ||     1
       Paralysed         |       |       |    17 |    32 ||    49
  Eat: Chunk             |     1 |     7 |    17 |    17 ||    42
       Royal jelly       |       |       |       |     7 ||     7
Armor: Robe              |    31 |     5 |       |       ||    36
       Scale mail        |       |    80 |   170 |   213 ||   463
       Chain mail        |       |       |     4 |       ||     4
       Skin              |       |       |       |   153 ||   153
Dodge: Dodged            |    73 |    64 |   126 |   237 ||   500
Block: Buckler           |     2 |    36 |   102 |   116 ||   256
